 Dungeon Crawl Stone Soup version 0.19-a0-1608-g4cf22de (webtiles) character file.

106 Alarkh the Grave Robber (level 4, -2/30 HPs)
             Began as a Mummy Necromancer on Sept 17, 2016.
             Slain by a howler monkey skeleton (4 damage)
             ... on level 4 of the Dungeon.
             The game lasted 00:03:49 (1884 turns).

Alarkh the Grave Robber (Mummy Necromancer)         Turns: 1884, Time: 00:03:50

Health: -2/30      AC:  3    Str: 11    XL:     4   Next: 55%
Magic:  1/9        EV: 12    Int: 15    God:
Gold:   190        SH:  0    Dex: 12    Spells: 2 memorised, 4 levels left

rFire  . . .     SeeInvis .     o - +0 long sword
rCold  . . .     Gourm    .     a - +0 robe
rNeg   + + +     Faith    .     (no shield)
rPois  ∞         Spirit   .     (no helmet)
rElec  .         Dismiss  .     k - +0 cloak
rCorr  .         Reflect  .     (no gloves)
MR     .....     Harm     .     (no boots)
Stlth  ++........               (no amulet)
                                (no ring)
                                d - ring of fire

@: very slightly contaminated
A: no food or potions, fire vulnerability, cold resistance 1, negative energy
resistance 3, torment resistance, unbreathing
a: no special abilities


You were on level 4 of the Dungeon.
You were not hungry.

You visited 1 branch of the dungeon, and saw 4 of its levels.

You collected 190 gold pieces.

Inventory:

Hand Weapons
 e - a +0 short sword
 f - a -1 dagger
 o - a +0 long sword (weapon)
Armour
 a - a +0 robe (worn)
 k - a +0 cloak (worn)
 n - a +0 helmet
Jewellery
 d - a ring of fire (left hand)
Wands
 m - a wand of flame (26/48)
Scrolls
 c - 3 scrolls of remove curse
 g - a scroll of recharging {unknown}
 h - a scroll of identify {unknown}
 i - a scroll of noise {unknown}
 j - a scroll of enchant weapon {unknown}
 l - 2 scrolls of teleportation {unknown}
Books
 b - a book of Necromancy

   Spells                             Type                      Level
   a - Pain                           Necromancy                   1
   b - Animate Skeleton               Necromancy                   1
   c - Vampiric Draining              Necromancy                   3
   d - Regeneration                   Charms/Necromancy            3
   e - Animate Dead                   Necromancy                   4
   f - Control Undead                 Necromancy                   4


   Skills:
 - Level 1.5 Dodging
 - Level 1.5 Stealth
 + Level 3.4 Spellcasting
 + Level 5.1 Necromancy


You had 4 spell levels left.
You knew the following spells:

 Your Spells              Type           Power        Failure   Level  Hunger
a - Pain                  Necr           ###.         2%          1    N/A
c - Control Undead        Necr           ###.......   28%         4    N/A

Dungeon Overview and Level Annotations

Branches:
Dungeon (4/15)
 Temple: D:4-7

Altars:
Elyvilon
Kikubaaqudgha

Annotations:
D:3 Grinder


Innate Abilities, Weirdness & Mutations

You do not eat or drink.
Your flesh is vulnerable to fire.
You are immune to poison.
Your flesh is cold resistant. (rC+)
You are immune to negative energy. (rN+++)
You are immune to unholy pain and torment.
You can survive without breathing.


Message History

You are very lightly contaminated with residual magic.
Your bones ache.
The worker ant bites you.
* * * LOW HITPOINT WARNING * * *
Your phantom blinks!
Unknown command.
The orc hits you but does no damage. The orc hits you but does no damage.
A howler monkey skeleton comes into view.
You hit the howler monkey skeleton.
The howler monkey skeleton is moderately damaged.
The worker ant misses you.
You riposte.
You hit the worker ant.
The worker ant is heavily wounded.
The howler monkey skeleton hits you but does no damage.
The orc misses you. The worker ant bites you.
* * * LOW HITPOINT WARNING * * *
The howler monkey skeleton hits you.
* * * LOW HITPOINT WARNING * * *
The orc hits you but does no damage.
The phantom blinks!
The howler monkey skeleton hits you.
You die...

#.....###.......
#.......##......
#...#§...#......
#...#....#?...##
#...##...####..#
#....####..$##.#
#.... #....#.#
## #..o.#.#
##..a@.# ###Z#.#
...#.# .......#
#########


You could see a worker ant, an orc and a howler monkey skeleton.

Vanquished Creatures
  A howler monkey skeleton (D:4)
  4 adders
  3 worms (D:2)
  5 bats (D:1)
  2 bat zombies (D:2)
  A giant cockroach (D:2)
  5 hobgoblins (D:1)
  2 jackals (D:4)
  3 kobolds
  3 quokkas
  A frilled lizard (D:4)
  4 goblins
  11 rats
  2 rat zombies (D:2)
47 creatures vanquished.

Vanquished Creatures (collateral kills)
  An adder (D:4)
  A worm (D:4)
2 creatures vanquished.

Grand Total: 49 creatures vanquished

Notes
Turn   | Place    | Note
-------+----------+-------------------------------------------
     0 | D:1      | Alarkh the Mummy Necromancer began the quest for the Orb.
     0 | D:1      | Reached XP level 1. HP: 13/13 MP: 3/3
   161 | D:1      | Reached XP level 2. HP: 18/19 MP: 3/5
   799 | D:2      | Reached XP level 3. HP: 21/24 MP: 0/7
  1001 | D:2      | Found a white marble altar of Elyvilon.
  1134 | D:2      | Found an ancient bone altar of Kikubaaqudgha.
  1191 | D:2      | Reached XP level 4. HP: 15/30 MP: 0/8
  1477 | D:3      | Noticed Grinder
  1482 | D:3      | Paralysed by Grinder for 4 turns
  1666 | D:4      | Noticed a phantom
  1704 | D:4      | Learned a level 4 spell: Control Undead
  1721 | D:4      | Reached skill level 5 in Necromancy
  1884 | D:4      | Slain by a howler monkey skeleton

Vault maps used:
D:1:      dpeg_arrival_court, hex_intersection
D:2:      elyvilon_altar_5, lemuel_zombie_altar_kikubaaqudgha,
          grunt_ministairs_7
D:3:      grunt_temple_overflow_opulence, ashenzari_conservatory_becter,
          uniq_iyjb, uniq_grinder
D:4:      first_bread, minmay_bent

Skill      XL: |  1  2  3  4 |
---------------+-------------+-----
Spellcasting   | 3 |  3.4
Necromancy     | 5 |  5.1
Dodging        | |  1.5
Stealth        | |  1.5

Action                   |  1- 3 |  4- 6 || total
-------------------------+-------+-------++-------
Melee: Dagger            |     5 |       ||     5
       Short sword       |    30 |    12 ||    42
       Long sword        |       |     2 ||     2
 Cast: Pain              |    68 |    33 ||   101
       Control Undead    |       |     4 ||     4
  Use: Scroll            |     1 |       ||     1
Armor: Robe              |    14 |     4 ||    18
Dodge: Dodged            |    37 |    25 ||    62
